Map: Nightscape LE

Players

virtuoze

  • Race: Protoss Protoss
  • Spawn Location: 1:00

naikEn

  • Race: Protoss Protoss
  • League: Platinum
  • Spawn Location: 1:00

Massa - Winner!

  • Race: Terran Terran
  • League: Platinum
  • Spawn Location: 7:00

qqq - Winner!

  • Race: Protoss Protoss
  • Spawn Location: 7:00

VOD

Have the link to the VOD?

Description

Time

  • Played on: Nov. 1, 2020, 5:05 a.m.
  • Length: 12:28
Show
View Real Time Build Order
Export as new Build Order

virtuoze Protoss 

Build Orders: 1 Gate Expand 

Get SALT Encoding   

  12  0:01  Probe  
  13  0:13  Probe  
  14  0:27  Probe  
  15  0:30  Pylon  
  15  0:45  Assimilator  
  15  0:48  Probe  
  16  0:51  Gateway  
  16  1:00  Probe  
  17  1:12  Probe  
  18  1:21  Nexus  
  18  1:45  Forge  
  18  1:49  Probe  
  19  1:59  Zealot  
  21  2:01  Probe  
  21  2:04  Pylon  
  22  2:11  Pylon  
  22  2:14  Probe  
  22  2:27  Photon Cannon  
  22  2:28  Photon Cannon  
  21  2:44  Photon Cannon  
  6  3:30  Pylon  
  6  3:36  Probe  
  7  3:48  Probe  
  8  4:00  Probe  
  9  4:12  Probe  
  9  4:17  Zealot  
  12  4:39  Probe  
  12  4:44  Zealot (Chrono Boost)  
  15  4:51  Probe  
  16  5:03  Probe  
  17  5:08  Zealot (Chrono Boost)  
  19  5:15  Probe  
  20  5:22  Gateway  
  20  5:27  Probe, Zealot (Chrono Boost)  
  23  5:40  Probe  
  24  5:45  Zealot  
  26  5:52  Probe (Chrono Boost)  
  25  5:58  Assimilator  
  25  6:04  Probe (Chrono Boost)  
  26  6:12  Probe (Chrono Boost)  
  26  6:14  Zealot  
  26  6:18  Probe  
  30  6:29  Assimilator  
  30  6:41  Nexus  
  30  6:46  Zealot  
  32  6:59  Cybernetics Core  
  32  7:06  Probe (Chrono Boost)  
  34  7:16  Probe (Chrono Boost)  
  34  7:17  Zealot  
  34  7:20  Probe (Chrono Boost)  
  34  7:21  Zealot  
  31  7:32  Probe  
  30  7:39  Pylon, Warp Gate (Chrono Boost)  
  30  7:43  Shield Battery  
  30  8:00  Probe (Chrono Boost)  
  31  8:10  Probe (Chrono Boost)  
  30  8:15  Probe (Chrono Boost), Pylon  
  31  8:26  Probe  
  32  8:31  Pylon  
  32  8:33  Pylon  
  32  8:36  Pylon  
  32  8:38  Probe, Pylon  
  33  8:50  Probe  
  34  9:01  Twilight Council  
  35  9:02  Probe  
  35  9:05  Pylon  
  35  9:11  Photon Cannon  
  35  9:14  Probe  
  35  9:15  Photon Cannon  
  36  9:27  Probe, Gateway  
  36  9:30  Gateway  
  37  9:35  Adept  
  39  9:46  Probe (Chrono Boost)  
  40  9:54  Assimilator  
  40  9:56  Probe (Chrono Boost), Assimilator  
  41  10:01  Probe (Chrono Boost)  
  42  10:08  Gateway  
  42  10:12  Probe, Gateway  
  43  10:21  Gateway  
  43  10:24  Probe (Chrono Boost)  
  45  10:36  Probe (Chrono Boost)  
  45  10:41  Probe (Chrono Boost)  
  46  10:51  Probe  
  46  10:54  Stalker  
  46  10:55  Stalker x3  
  55  11:03  Probe  
  47  11:35  Stalker x2  
  47  11:36  Stalker x2  
  47  11:37  Stalker x2  
  36  12:11  Adept  
  36  12:12  Stalker  
  36  12:13  Stalker x2  
  36  12:14  Stalker  
Show
View Real Time Build Order
Export as new Build Order

naikEn Protoss 

Build Orders:  

Get SALT Encoding   

  12  0:00  Probe  
  13  0:12  Probe  
  14  0:17  Pylon  
  14  0:24  Probe  
  14  0:28  Assimilator  
  15  0:36  Probe  
  16  0:43  Gateway  
  16  0:48  Probe  
  17  0:57  Assimilator  
  17  1:01  Probe  
  18  1:12  Pylon  
  18  1:13  Probe  
  19  1:25  Probe  
  20  1:36  Zealot (Chrono Boost), Cybernetics Core  
  22  1:59  Zealot (Chrono Boost)  
  24  2:22  Zealot (Chrono Boost)  
  18  2:38  Warp Gate  
  18  2:39  Probe  
  18  2:41  Zealot (Chrono Boost)  
  19  2:52  Probe  
  20  3:04  Probe  
  23  3:16  Probe  
  22  3:20  Stalker (Chrono Boost)  
  22  3:28  Probe  
  22  3:32  Pylon  
  23  3:52  Stalker  
  25  3:58  Robotics Facility  
  25  4:01  Gateway  
  25  4:07  Probe  
  26  4:24  Gateway  
  26  4:25  Pylon  
  26  4:32  Pylon  
  26  4:34  Stalker  
  28  4:45  Immortal (Chrono Boost)  
  32  4:59  Probe  
  33  5:05  Stalker x2  
  37  5:11  Probe  
  38  5:23  Probe  
  37  5:55  Stalker  
  37  5:56  Stalker x2  
  43  5:58  Probe (Chrono Boost)  
  43  6:04  Pylon  
  44  6:06  Pylon  
  44  6:08  Probe (Chrono Boost)  
  45  6:13  Probe (Chrono Boost)  
  46  6:22  Immortal (Chrono Boost)  
  50  6:42  Gateway  
  50  6:44  Gateway  
  50  6:55  Nexus  
  50  7:05  Pylon  
  42  7:30  Stalker x3  
  48  7:42  Pylon  
  48  7:50  Pylon  
  48  7:54  Robotics Bay  
  48  7:56  Probe  
  49  8:09  Twilight Council  
  49  8:16  Zealot x3  
  55  8:29  Probe (Chrono Boost)  
  56  8:39  Probe (Chrono Boost), Observer (Chrono Boost)  
  56  8:41  Extended Thermal Lance (Chrono Boost)  
  58  8:44  Probe (Chrono Boost)  
  59  8:51  Charge (Chrono Boost)  
  59  8:53  Observer (Chrono Boost)  
  59  8:55  Probe  
  61  9:07  Probe, Pylon  
  62  9:14  Colossus  
  68  9:25  Probe (Chrono Boost)  
  68  9:28  Assimilator  
  69  9:35  Probe (Chrono Boost)  
  70  9:40  Probe (Chrono Boost)  
  70  9:44  Pylon  
  71  9:50  Assimilator  
  71  9:51  Probe  
  71  10:03  Probe  
  71  10:04  Colossus (Chrono Boost)  
  72  10:07  Pylon  
  72  10:09  Zealot x4  
  86  10:27  Sentry  
  88  10:36  Probe (Chrono Boost)  
  89  10:48  Probe (Chrono Boost)  
  89  10:51  Colossus  
  89  10:53  Probe (Chrono Boost)  
  96  11:00  Templar Archives  
  96  11:02  Probe  
  96  11:03  Pylon  
  96  11:14  Probe  
  96  11:18  Pylon  
  97  11:19  Pylon  
  97  11:21  Pylon  
  60  11:39  Zealot x5  
  44  12:00  High Templar  
  46  12:01  Stalker x2  
  46  12:06  Probe  
Show
View Real Time Build Order
Export as new Build Order

Massa Terran - Winner!

Build Orders:  

Get SALT Encoding   

  12  0:00  SCV  
  13  0:12  SCV  
  14  0:22  Supply Depot  
  14  0:24  SCV  
  15  0:39  Refinery  
  15  0:43  SCV  
  15  0:45  Barracks  
  16  0:55  SCV  
  17  1:08  SCV  
  18  1:21  SCV  
  19  1:35  Marine  
  19  1:36  Bunker  
  20  1:40  Barracks  
  20  1:42  Barracks  
  20  1:49  Orbital Command  
  20  2:00  Marine  
  21  2:11  Supply Depot  
  21  2:17  SCV  
  22  2:23  Marine  
  23  2:32  Marine  
  23  2:36  SCV  
  25  2:41  Engineering Bay  
  25  2:45  Supply Depot  
  25  2:46  Marine x2  
  27  2:58  Marine  
  28  3:04  Marine x2  
  30  3:16  Reaper  
  31  3:21  Marine, Command Center  
  31  3:22  Marine  
  31  3:26  Missile Turret  
  33  3:33  Missile Turret  
  33  3:40  Marine  
  35  3:43  Barracks Reactor  
  34  3:49  Barracks Tech Lab  
  34  4:08  Stimpack  
  34  4:21  Factory  
  34  4:23  SCV  
  35  4:31  Terran Infantry Weapons Level 1  
  35  4:33  Barracks Tech Lab  
  35  4:34  Marine x2  
  35  4:35  SCV  
  35  4:36  Orbital Command  
  38  4:40  Marauder  
  40  4:47  SCV  
  40  4:52  Marine x2  
  43  4:54  Supply Depot  
  43  5:04  Refinery  
  43  5:05  Missile Turret  
  43  5:07  Combat Shield  
  43  5:09  Factory Tech Lab  
  43  5:16  Refinery, SCV x2  
  45  5:28  Starport, SCV x2  
  47  5:37  Refinery  
  47  5:40  SCV x2  
  49  5:48  Concussive Shells  
  49  5:51  Marauder x2  
  49  5:52  SCV, Marine x2  
  59  6:04  Siege Tank  
  59  6:06  SCV x2  
  59  6:10  Marine  
  62  6:16  Supply Depot  
  62  6:18  Supply Depot  
  62  6:37  SCV x2, Marine, Medivac, Siege Tank  
  62  6:39  Marine  
  73  6:40  Marauder  
  73  6:46  Marine  
  74  6:49  SCV x2  
  76  6:55  Marine  
  77  7:01  SCV  
  77  7:05  SCV  
  78  7:21  SCV x2  
  78  7:46  Marine  
  78  8:05  Command Center, Supply Depot  
  78  8:08  Supply Depot x2  
  78  8:09  Supply Depot  
  78  8:13  Supply Depot  
  78  8:20  SCV  
  78  8:22  Marine  
  78  8:26  Marine  
  78  8:27  Marauder x2, Siege Tank  
  78  8:29  Medivac  
  88  8:40  Marine  
  89  8:42  Terran Infantry Armor Level 1  
  89  8:44  Marine  
  89  8:45  Armory  
  90  8:48  Marauder x2  
  90  8:50  Command Center  
  94  8:58  Marine  
  94  8:59  Medivac, Siege Tank  
  94  9:02  Marine  
  105  9:10  Marauder x2  
  105  9:16  Marine  
  106  9:20  Marine  
  111  9:31  Marauder x2  
  111  9:34  Marine  
  112  9:40  Starport Reactor  
  112  9:43  Terran Vehicle Weapons Level 1  
  112  9:48  Engineering Bay  
  116  9:53  Marauder x2  
  116  9:54  Supply Depot x2  
  116  9:55  Supply Depot x2  
  116  9:57  Missile Turret  
  116  10:03  SCV x2  
  116  10:05  Orbital Command  
  119  10:10  Orbital Command  
  118  10:15  SCV x2  
  118  10:19  Supply Depot  
  118  10:20  Supply Depot  
  120  10:22  Supply Depot  
  120  10:23  Supply Depot  
  120  10:27  SCV x2  
  122  10:39  SCV x2  
  124  10:51  SCV x2  
  93  12:03  Marauder  
  93  12:04  Marauder, Marine x2  
Show
View Real Time Build Order
Export as new Build Order

qqq Protoss - Winner!

Build Orders: Cannon Rush 

Get SALT Encoding   

  12  0:00  Probe  
  13  0:13  Probe  
  14  0:20  Pylon  
  14  0:26  Probe  
  15  0:38  Probe  
  16  0:45  Forge  
  16  0:50  Probe  
  17  1:02  Probe  
  18  1:25  Pylon  
  18  1:27  Pylon  
  18  1:28  Pylon  
  18  1:30  Pylon  
  18  1:44  Photon Cannon  
  18  1:46  Photon Cannon  
  18  1:50  Photon Cannon  
  18  1:56  Pylon  
  18  2:05  Photon Cannon  
  18  2:17  Photon Cannon  
  18  2:26  Photon Cannon  
  18  2:39  Photon Cannon  
  18  2:50  Photon Cannon  
  18  2:59  Photon Cannon  
  18  3:01  Pylon  
  18  3:21  Photon Cannon  
  18  3:36  Photon Cannon  
  18  3:38  Photon Cannon  
  18  3:58  Probe  
  19  4:03  Nexus  
  19  4:05  Gateway  
  19  4:08  Photon Cannon  
  19  4:10  Probe  
  20  4:22  Probe  
  21  4:33  Photon Cannon  
  21  4:35  Pylon  
  21  4:39  Gateway  
  21  4:45  Probe, Assimilator  
  21  4:49  Assimilator  
  22  4:55  Cybernetics Core  
  22  5:24  Probe (Chrono Boost)  
  23  5:28  Probe (Chrono Boost)  
  25  5:36  Probe (Chrono Boost)  
  25  5:39  Probe (Chrono Boost)  
  25  5:41  Probe (Chrono Boost)  
  27  5:44  Probe (Chrono Boost)  
  27  5:49  Probe  
  28  5:54  Stalker  
  28  5:55  Probe  
  32  6:01  Probe  
  33  6:07  Probe  
  34  6:13  Probe  
  34  6:14  Assimilator  
  34  6:18  Assimilator  
  34  6:19  Probe  
  34  6:24  Stalker  
  34  6:25  Stargate  
  36  6:26  Probe  
  36  6:27  Pylon  
  36  6:29  Pylon  
  36  6:31  Probe  
  38  6:36  Pylon  
  38  6:38  Pylon  
  38  6:45  Probe  
  39  6:47  Probe  
  40  6:58  Probe  
  40  6:59  Probe  
  42  7:10  Probe  
  42  7:11  Probe  
  44  7:22  Probe  
  45  7:23  Probe  
  44  7:30  Phoenix  
  44  7:37  Stargate  
  47  7:38  Fleet Beacon  
  47  7:42  Robotics Facility  
  46  7:55  Phoenix (Chrono Boost), Protoss Air Weapons Level 1  
  48  8:00  Nexus  
  48  8:03  Pylon  
  48  8:04  Pylon  
  48  8:06  Probe  
  48  8:07  Pylon  
  49  8:17  Phoenix (Chrono Boost)  
  51  8:42  Observer  
  51  8:45  Carrier  
  51  8:46  Carrier  
  64  9:01  Photon Cannon  
  64  9:02  Photon Cannon  
  64  9:03  Observer  
  64  9:05  Photon Cannon  
  64  9:08  Photon Cannon  
  65  9:35  Observer  
  66  9:48  Probe, Stargate  
  66  9:49  Carrier  
  66  9:51  Stargate  
  73  10:00  Probe  
  73  10:03  Assimilator  
  74  10:07  Assimilator  
  74  10:12  Probe (Chrono Boost)  
  75  10:18  Nexus  
  75  10:21  Pylon  
  75  10:24  Probe (Chrono Boost), Carrier, Pylon  
  82  10:29  Probe (Chrono Boost)  
  82  10:32  Pylon  
  83  10:35  Observer  
  83  10:39  Probe (Chrono Boost), Pylon  
  83  10:42  Pylon  
  92  10:56  Probe (Chrono Boost)  
  93  11:03  Probe (Chrono Boost)  
  94  11:12  Tempest  
  94  11:14  Probe (Chrono Boost)  
  101  11:26  Probe (Chrono Boost)  
  101  11:27  Photon Cannon  
  101  11:29  Photon Cannon  
  101  11:31  Probe (Chrono Boost)  
  102  11:34  Pylon  
  102  11:36  Nexus  
  102  11:41  Probe  
  100  11:53  Probe  
Tags
 
Add a new tag
Caveats
  • Supply blocks, unpowered buildings, or Contaminate may cause inaccurate times.
  • Supply counts are checked every 10 seconds.